 Dungeon Crawl Stone Soup version 0.20.1-1-g8b1a95d (webtiles) character file.

35112 vishdafish the Grappler (level 13, -1/131 HPs)
             Began as a Troll Berserker on July 7, 2017.
             Was a High Priest of Trog.
             Succumbed to Rupert's poison
             ... on level 5 of the Lair of Beasts.
             The game lasted 00:33:00 (13163 turns).

vishdafish the Grappler (Troll Berserker)          Turns: 13163, Time: 00:33:01

Health: -1/131     AC: 13    Str: 28    XL:     13   Next: 45%
Magic:  12/12      EV: 15    Int:  4    God:    Trog [*****.]
Gold:   971        SH:  0    Dex: 14    Spells: 12/12 levels left

rFire    + . .     SeeInvis .     - Unarmed
rCold    + . .     Gourm    +   (no shield)
rNeg     . . .     Faith    .   P - +0 steam dragon scales
rPois    .         Spirit   .   (helmet restricted)
rElec    .         Reflect  .   X - +0 cloak {rC+}
rCorr    .         Harm     .   (gloves unavailable)
MR       .....                  (boots unavailable)
Stlth    ++........             (no amulet)
Regen    0.8/turn               C - ring of protection from fire
MPRegen  0.2/turn               g - +4 ring of protection

@: lethally poisoned (-1 -> -75), berserk cooldown, slowed, studying Ice Magic,
very slow
A: unfitting armour, beak, claws 3, thin skeletal structure 1, fast metabolism
3, gourmand, regeneration 1, shaggy fur 1, tough skin 2
a: Berserk, Trog's Hand, Brothers in Arms, Burn Spellbooks, Renounce Religion


You were on level 5 of the Lair of Beasts.
You worshipped Trog.
Trog was extremely pleased with you.
You were not hungry.

You visited 3 branches of the dungeon, and saw 17 of its levels.
You also visited: Ossuary and Ice Cave.

You collected 971 gold pieces.

Inventory:

Hand Weapons
 K - the +3 giant club "Skullcrusher" {speed, Str+7}
   (You found it on level 9 of the Dungeon)

   Attacks with this weapon are significantly faster.
   It affects your strength (+7).
Missiles
 t - 4 large rocks (quivered)
 H - 5 silver tomahawks
Armour
 P - +0 steam dragon scales (worn)
 X - a +0 cloak of cold resistance (worn)
Jewellery
 f - an uncursed ring of poison resistance
 g - a +4 ring of protection (right claw)
 C - a ring of protection from fire (left claw)
 T - an uncursed ring of ice
 Y - an uncursed ring of ice
Wands
 M - a wand of confusion (28/48)
 O - a wand of digging (5/24)
 R - a wand of iceblast (8/15)
 S - a wand of flame (8/48)
 U - a wand of iceblast (7/15)
Scrolls
 c - 4 scrolls of teleportation
 d - 2 scrolls of identify
 e - 4 scrolls of blinking
 i - 4 scrolls of fog
 j - 4 scrolls of enchant armour
 k - 7 scrolls of random uselessness
 n - 6 scrolls of magic mapping
 o - a scroll of remove curse
 q - 3 scrolls of recharging
 r - 4 scrolls of amnesia
 y - a scroll of enchant weapon {unknown}
 B - 2 scrolls of brand weapon
 I - 3 scrolls of immolation
 L - a scroll of noise {unknown}
 N - a scroll of fear {unknown}
Potions
 a - a potion of magic
 h - 7 potions of curing
 p - 2 potions of might
 s - 3 potions of brilliance
 u - 5 potions of flight
 v - 4 potions of lignification
 x - 6 potions of mutation
 D - 3 potions of ambrosia
 E - 2 potions of agility {unknown}
 F - a potion of heal wounds {unknown}
 G - 2 potions of haste
 Q - a potion of degeneration {unknown}
Books
 w - a book of Geomancy

   Spells                             Type                      Level
   a - Sandblast                      Earth                        1
   b - Passwall                       Transmutation/Earth          2
   c - Stone Arrow                    Conjuration/Earth            3
   d - Petrify                        Transmutation/Earth          4
   e - Lee's Rapid Deconstruction     Earth                        5
   Trog disapproves of the use of such an item.
 z - a book of Callings

   Spells                             Type                      Level
   a - Summon Small Mammal            Summoning                    1
   b - Call Imp                       Summoning                    2
   c - Call Canine Familiar           Summoning                    3
   d - Summon Guardian Golem          Hexes/Summoning              3
   e - Summon Lightning Spire         Summoning/Air                4
   f - Summon Ice Beast               Ice/Summoning                4
   Trog disapproves of the use of such an item.
 J - the Grimoire of the Lucky Traveller
   (You found it on level 9 of the Dungeon)

   Spells                             Type                      Level
   a - Infusion                       Charms                       1
   b - Apportation                    Translocation                1
   c - Swiftness                      Charms/Air                   2
   d - Spectral Weapon                Hexes/Charms                 3
   e - Recall                         Summoning/Translocation      3
   f - Gell's Gravitas                Translocation                3
   g - Passage of Golubria            Translocation                4
   Trog disapproves of the use of such an item.
 V - a manual of Ice Magic Trog disapproves of the use of such an item.
 W - a manual of Ice Magic Trog disapproves of the use of such an item.
Comestibles
 b - 5 bread rations
 l - 10 meat rations
 m - 31 fruits
 A - 8 royal jellies


   Skills:
 + Level 9.2 Fighting
 + Level 9.4 Throwing
 + Level 9.4 Dodging
 * Level 14.6 Unarmed Combat


You had 12 spell levels left.
You didn't know any spells.

Dungeon Overview and Level Annotations

Branches:
Dungeon (11/15)            Temple (1/1) D:6            Lair (5/6) D:11
 Shoals (0/4) Lair:3        Snake (0/4) Lair:3        Slime (0/5) Lair:5
    Orc (0/2) D:9

Altars:
Ashenzari
Cheibriados
Dithmenos
Fedhas
Gozag
Hepliaklqana
Kikubaaqudgha
Makhleb
Nemelex Xobeh
Okawaru
Qazlal
Ru
Sif Muna
Trog
Uskayaw
Vehumet
Xom
Yredelemnul
Zin
The Shining One
Jiyva

Shops:
D:10 !

Annotations:
Lair:5 1 runed door, Rupert


Innate Abilities, Weirdness & Mutations

You are too large for most types of armour.
You have claws for hands.
Your metabolism is lightning-fast.
You like to eat raw meat.
Your natural rate of healing is unusually fast.
You are covered in fur. (AC +1)
You have very tough skin. (AC +2)
You have a beak for a mouth.
You have a somewhat thin skeletal structure. (Dex +2, Stealth)


Message History

You feel very sick.
* * * LOW HITPOINT WARNING * * *
You feel very sick.
You claw Rupert!
Rupert is heavily wounded.
* * * LOW HITPOINT WARNING * * *
You feel very sick.
You eviscerate Rupert!!! Your peck misses Rupert.
Rupert is almost dead.
* * * LOW HITPOINT WARNING * * *
You feel very sick.
Rupert hits you with a battleaxe of venom!
* * * LOW HITPOINT WARNING * * *
You are more poisoned.
You scratch Rupert. Your peck misses Rupert.
Rupert is almost dead.
You are no longer berserk.
You are exhausted.
You feel yourself slow down.
You die...

##.....................
#................>.....
###.....................
#...[..#.........#......
###............###P.....
#............## ####...
###............# ##..
#.###..............#
#####..
#...%......@.......
#...#.P
#..........@l......
#......
#...................#
##.#P##
...................##
#.≈≈##
P.........$......###
##.≈≈§§
#..................
#...≈≈≈
#..................#
##.≈≈≈≈
...................
#..P..
.................#
#.....


You could see Rupert (berserk) and a komodo dragon.

Vanquished Creatures
  The ghost of Exporg the Cleaver, a journeyman MiBe of Trog (IceCv)
  Snorg (Lair:5)
  Josephine (Lair:4)
  2 hydras
  3 two-headed ogres
  Nergalle (Lair:3)
  A lindwurm (Lair:4)
  A necromancer (IceCv)
  An ugly thing (D:9)
  The ghost of vishdafish the Covered, a novice GrFi (D:5)
  The ghost of vishdafish the Covered, a novice GrFi (D:7)
  6 elephants (Lair:5)
  A black mamba (Lair:3)
  An ice statue (IceCv)
  3 spiny frogs
  4 komodo dragons
  10 freezing wraiths (IceCv)
  A troll (D:9)
  3 hornets (Lair:4)
  A merfolk (D:10)
  3 hippogriffs
  A snapping turtle (Lair:3)
  Sigmund (D:5)
  A shadow (D:11)
  4 wraiths
  A vampire (D:10)
  12 spriggans (Lair:4)
  11 yaks
  2 wyverns
  2 steam dragons
  3 basilisks
  An acid dragon (D:11)
  8 nagas (Lair:3)
  8 porcupines
  10 water moccasins
  11 ice beasts
  A sky beast (D:9)
  3 orc warriors
  2 phantoms
  A necrophage (D:10)
  An alligator simulacrum (IceCv)
  6 ogres
  3 boggarts (Lair:4)
  3 black bears
  A centaur (D:8)
  10 wolves
  11 crocodiles
  A big kobold (D:11)
  16 bullfrogs
  A wyvern skeleton (D:11)
  5 scorpions
  10 killer bees
  15 wights
  2 howler monkeys
  2 electric eels (Lair:3)
  11 crimson imps
  3 hounds
  2 quasits
  4 centaur zombies (Ossuary)
  3 draconian simulacra (IceCv)
  3 orc priests
  A centaur skeleton (D:8)
  2 jellies
  3 bullfrog skeletons
  3 iguanas
  11 orc wizards
  A spriggan simulacrum (IceCv)
  8 worker ants
  5 troll simulacra (IceCv)
  2 wolf simulacra (IceCv)
  A polar bear simulacrum (IceCv)
  3 big kobold zombies (Ossuary)
  4 centaur simulacra (IceCv)
  A hound skeleton (D:9)
  A hound zombie (D:7)
  6 mummies (Ossuary)
  2 worker ant zombies
  Robin (D:3)
  A gnoll (D:1)
  16 adders
  7 naga simulacra (IceCv)
  A shadow imp (D:10)
  12 white imps (IceCv)
  2 adder skeletons
  2 adder zombies
  A worm (D:2)
  A dart slug (D:1)
  6 leopard geckos
  15 orcs
  7 giant cockroaches
  11 goblins
  8 hobgoblins
  6 jackals
  6 quokkas
  2 ball pythons
  3 bats
  4 frilled lizards
  A hobgoblin zombie (Ossuary)
  2 jackal skeletons
  10 kobolds
  A leopard gecko skeleton (D:6)
  6 rats
429 creatures vanquished.

Vanquished Creatures (others)
  2 plants
2 creatures vanquished.

Grand Total: 431 creatures vanquished

Notes
Turn   | Place    | Note
-------+----------+-------------------------------------------
     0 | D:1      | vishdafish the Troll Berserker began the quest for the Orb.
     0 | D:1      | Reached XP level 1. HP: 22/22 MP: 0/0
   143 | D:1      | Reached XP level 2. HP: 10/29 MP: 1/1
   500 | D:2      | Reached XP level 3. HP: 21/36 MP: 2/2
   570 | D:2      | You fall through a shaft!
   570 | D:3      | Noticed Robin
   576 | D:3      | Killed Robin
   579 | D:3      | Reached ** piety under Trog
   850 | D:3      | Reached XP level 4. HP: 44/45 MP: 3/3
  1041 | D:3      | Reached skill level 4 in Unarmed Combat
  1714 | D:4      | Reached XP level 5. HP: 53/53 MP: 4/4
  1866 | D:4      | Reached skill level 1 in Throwing
  1885 | D:4      | Found a sparkling altar of Nemelex Xobeh.
  1934 | D:4      | Reached XP level 6. HP: 56/61 MP: 5/5
  2015 | D:4      | Reached skill level 5 in Unarmed Combat
  2056 | D:4      | Found an opulent altar of Gozag.
  2282 | D:5      | Entered Level 5 of the Dungeon
  2350 | D:5      | Noticed Sigmund
  2370 | D:5      | Killed Sigmund
  2370 | D:5      | Reached *** piety under Trog
  2370 | D:5      | Reached XP level 7. HP: 58/68 MP: 6/6
  2386 | D:5      | Noticed vishdafish's ghost (novice GrFi)
  2431 | D:5      | Killed vishdafish's ghost
  2431 | D:5      | Reached skill level 6 in Unarmed Combat
  2818 | D:5      | Reached XP level 8. HP: 78/78 MP: 7/7
  3064 | D:6      | Reached skill level 7 in Unarmed Combat
  3118 | D:6      | Found a staircase to the Ecumenical Temple.
  3155 | Temple   | Entered the Ecumenical Temple
  3406 | D:6      | Found a glowing silver altar of Zin.
  3411 | D:6      | Reached skill level 5 in Dodging
  3415 | D:6      | Received a gift from Trog
  3436 | D:6      | Reached skill level 5 in Fighting
  3721 | D:7      | Reached skill level 8 in Unarmed Combat
  3721 | D:7      | Reached XP level 9. HP: 87/88 MP: 8/8
  3749 | D:7      | Noticed vishdafish's ghost (novice GrFi)
  3759 | D:7      | Killed vishdafish's ghost
  3794 | D:7      | Found a basalt altar of Yredelemnul.
  3799 | D:7      | Found a hide-covered altar of Uskayaw.
  3799 | D:7      | Found a hazy altar of Hepliaklqana.
  3800 | D:7      | Found a shadowy altar of Dithmenos.
  3800 | D:7      | Found a deep blue altar of Sif Muna.
  4081 | D:7      | Reached **** piety under Trog
  4412 | D:8      | Reached skill level 9 in Unarmed Combat
  4422 | D:8      | Reached skill level 5 in Throwing
  4575 | D:8      | Found a sand-covered staircase.
  4600 | Ossuary  | Entered an ossuary
  4796 | Ossuary  | Gained mutation: You have a beak for a mouth. [potion of mutation]
  4796 | Ossuary  | Gained mutation: You have a somewhat thin skeletal structure. (Dex +2, Stealth) [potion of mutation]
  4898 | D:9      | Noticed a two-headed ogre
  4905 | D:9      | Killed a two-headed ogre
  4905 | D:9      | Reached XP level 10. HP: 98/98 MP: 9/9
  4990 | D:9      | Noticed a brown ugly thing
  4996 | D:9      | Killed a brown ugly thing
  5050 | D:9      | Noticed a two-headed ogre
  5059 | D:9      | Killed a two-headed ogre
  5059 | D:9      | Reached skill level 10 in Unarmed Combat
  5074 | D:9      | Reached ***** piety under Trog
  5189 | D:9      | Identified the Grimoire of the Lucky Traveller
  5194 | D:9      | Got a faintly glowing hand axe
  5195 | D:9      | Identified the +10 hand axe "Feetomia" {freeze, rN+ MR+} (You found it on level 9 of the Dungeon)
  5262 | D:9      | Found a staircase to the Orcish Mines.
  5913 | D:10     | Entered Level 10 of the Dungeon
  5931 | D:10     | Found a runed door.
  5959 | D:10     | Found a runed door.
  5964 | D:10     | Reached skill level 11 in Unarmed Combat
  5974 | D:10     | Received a gift from Trog
  6172 | D:10     | Reached XP level 11. HP: 101/106 MP: 10/10
  6685 | D:10     | Found Genar's Distillery.
  6823 | D:11     | Found a staircase to the Lair.
  7305 | D:11     | Received a gift from Trog
  7547 | D:11     | Noticed a two-headed ogre
  7554 | D:11     | Killed a two-headed ogre
  7554 | D:11     | Reached skill level 12 in Unarmed Combat
  7707 | Lair:1   | Entered Level 1 of the Lair of Beasts
  7915 | Lair:1   | Found a frozen archway.
  7925 | IceCv    | Entered an ice cave
  7951 | IceCv    | Noticed Exporg's ghost (journeyman MiBe)
  7966 | IceCv    | Killed Exporg's ghost
  8334 | IceCv    | Reached XP level 12. HP: 119/119 MP: 11/11
  8340 | IceCv    | Received a gift from Trog
  8445 | IceCv    | Found an ancient bone altar of Kikubaaqudgha.
  8872 | IceCv    | Reached skill level 13 in Unarmed Combat
  9286 | Lair:1   | Noticed a five-headed hydra
  9292 | Lair:1   | Killed a five-headed hydra
 10504 | Lair:3   | Found a staircase to the Snake Pit.
 10731 | Lair:3   | Received a gift from Trog
 11058 | Lair:3   | Noticed Nergalle
 11081 | Lair:3   | Killed Nergalle
 11081 | Lair:3   | Received a gift from Trog
 11346 | Lair:3   | Found a staircase to the Shoals.
 11570 | Lair:4   | Noticed Josephine
 11587 | Lair:4   | Killed Josephine
 11595 | Lair:4   | Received a gift from Trog
 11617 | Lair:4   | Noticed a five-headed hydra
 11623 | Lair:4   | Killed a five-headed hydra
 11623 | Lair:4   | Reached skill level 14 in Unarmed Combat
 11808 | Lair:4   | Reached XP level 13. HP: 96/130 MP: 12/12
 12735 | Lair:5   | Found a runed door.
 12735 | Lair:5   | Found a viscous altar of Jiyva.
 12735 | Lair:5   | Found a staircase to the Slime Pits.
 12769 | Lair:5   | Received a gift from Trog
 12899 | Lair:5   | Noticed Snorg
 12905 | Lair:5   | Killed Snorg
 13143 | Lair:5   | Noticed Rupert
 13162 | Lair:5   | HP: 4/196 [Rupert/battleaxe of venom (9)]
 13163 | Lair:5   | Succumbed to Rupert's poison

Skill      XL: |  1  2  3  4  5  6  7  8  9 10 11 12 13 |
---------------+----------------------------------------+-----
Fighting       | 3 4 5 6 7 8 9 |  9.2
Unarmed Combat | 4 5 6 8 9 11 12 14 | 14.6
Dodging        | 3 4 5 6 7 8 9 |  9.4
Throwing       | 1 2 3 4 5 6 7 8 9 |  9.4

Action                   |  1- 3 |  4- 6 |  7- 9 | 10-12 | 13-15 || total
-------------------------+-------+-------+-------+-------+-------++-------
Melee: Unarmed           |    60 |   127 |   255 |   669 |   172 ||  1283
       Punch             |       |     2 |    11 |    54 |    12 ||    79
       Peck              |       |       |     1 |   178 |    43 ||   222
       Giant club        |       |       |       |     8 |       ||     8
Throw: Large rock        |       |       |       |    17 |     5 ||    22
       Tomahawk          |       |       |       |       |     1 ||     1
Invok: Berserk           |     1 |     1 |     4 |    10 |     3 ||    19
       Burn Spellbooks   |       |       |     1 |       |       ||     1
Evoke: Wand              |       |       |       |     4 |       ||     4
  Use: Scroll            |       |       |    11 |    11 |       ||    22
       Potion            |       |       |     1 |     1 |       ||     2
 Stab: Sleeping          |       |       |     1 |     8 |       ||     9
  Eat: Chunk             |     6 |    10 |    24 |    36 |    12 ||    88
       Bread ration      |       |     1 |     2 |     7 |     1 ||    11
Armor: Animal skin       |    28 |    41 |    54 |    77 |       ||   200
       Steam dragon scal |       |       |       |   124 |    39 ||   163
Dodge: Dodged            |    29 |    50 |   112 |   413 |    81 ||   685
